 Dungeon Crawl Stone Soup version 0.27-a0-705-ga0013940fb (webtiles) character file.

Game seed: 4889273189642740833

5044 tilp the Basher (level 10, -6/92 HPs)
             Began as an Ogre Warper on Mar 22, 2021.
             Was a Priest of Nemelex Xobeh.
             Mangled by a killer bee (10 damage)
             ... on level 10 of the Dungeon.
             The game lasted 00:28:00 (16896 turns).

tilp the Basher (Ogre Warper)                      Turns: 16896, Time: 00:28:01

Health: -6/92      AC:  4    Str: 17    XL:     10   Next: 55%
Magic:  15/16      EV:  9    Int: 17    God:    Nemelex Xobeh [***...]
Gold:   543        SH:  0    Dex:  8    Spells: 8/17 levels left

rFire    + . .     SeeInvis .   b - +3 whip (freeze)
rCold    . . .     Faith    +   (no shield)
rNeg     . . .     Spirit   .   l - +1 robe {rF+}
rPois    +         Reflect  .   (helmet restricted)
rElec    .         Harm     .   (no cloak)
rCorr    +         Rampage  .   (gloves unavailable)
Will     +....                  (boots unavailable)
Stlth    +.........             v - amulet of the Final Chapter {Faith rPois}
HPRegen  0.25/turn              t - ring of flight
MPRegen  0.15/turn              x - ring of resist corrosion

@: about to teleport
A: large, unfitting armour, tough skin 1
a: Renounce Religion, Evoke Flight, Draw Escape, Draw Destruction, Draw
Summoning, Triple Draw


You were on level 10 of the Dungeon.
You worshipped Nemelex Xobeh.
Nemelex Xobeh was most pleased with you.
You visited 1 branch of the dungeon, and saw 10 of its levels.
You also visited: Ossuary.

You collected 543 gold pieces.

Inventory:

Hand Weapons
 b - a +3 whip of freezing (weapon)
 C - the +7 spear of Ruination {drain, rF+ Str+4}
   (You took it off an orc warrior on level 9 of the Dungeon)

   A truly terrible weapon, it drains the life of those it strikes.
   It affects your strength (+4).
   It protects you from fire.
 E - a +0 giant spiked club
Missiles
 m - 24 poisoned darts (quivered)
 s - 3 boomerangs
 A - 5 javelins
Armour
 l - a +1 robe of fire resistance (worn)
 p - +0 swamp dragon scales
Jewellery
 t - a ring of flight (right hand)
 v - the amulet of the Final Chapter (around neck) {Faith rPois}
   (You found it on level 4 of the Dungeon)

   [amulet of faith]

   It allows you to gain divine favour quickly.
   It protects you from poison.
 x - a ring of resist corrosion (left hand)
 y - an amulet of regeneration
 F - a ring of ice
Wands
 e - a wand of random effects (21)
 q - a wand of flame (18)
 z - a wand of acid (3)
Scrolls
 d - 2 scrolls of blinking
 f - a scroll of amnesia
 g - 2 scrolls of fear
 j - a scroll of fog
 w - 2 scrolls of vulnerability
 B - a scroll of identify
 D - 2 scrolls of silence
Potions
 a - 2 potions of flight
 c - a potion of berserk rage
 h - a potion of might
 i - a potion of cancellation {unknown}
 n - a potion of brilliance {unknown}
 o - a potion of degeneration {unknown}
 r - 3 potions of haste
 u - 2 potions of mutation {unknown}


   Skills:
 - Level 4.0 Fighting
 + Level 11.9 Maces & Flails
 - Level 1.0 Throwing
 - Level 2.1 Dodging
 - Level 4.0 Spellcasting
 - Level 6.0 Translocations
 - Level 4.0 Invocations


You had 8 spell levels left.
You knew the following spells:

 Your Spells              Type           Power      Damage    Failure   Level
a - Blink                 Tloc           N/A        N/A       1%          2
b - Apportation           Tloc           46%        N/A       1%          1
c - Teleport Other        Tloc           23%        N/A       4%          3
d - Lesser Beckoning      Tloc           11%        N/A       4%          3

Your spell library contained the following spells:

 Spells                   Type           Power      Damage    Failure   Level
 Gell's Gravitas          Tloc           11%        N/A       4%          3
 Manifold Assault         Tloc           23%        N/A       13%         4
 Animate Skeleton         Necr           6%         N/A       16%         1
 Corona                   Hex            3%         N/A       16%         1
 Sting                    Tmut/Pois      12%        1d3       16%         1
 Summon Small Mammal      Summ           12%        N/A       16%         1
 Call Imp                 Summ           3%         N/A       24%         2
 Poisonous Vapours        Pois/Air       6%         N/A       24%         2
 Call Canine Familiar     Summ           3%         N/A       43%         3
 Ignite Poison            Fire/Tmut/Pois 3%         N/A       43%         3
 Mephitic Cloud           Conj/Pois/Air  3%         N/A       43%         3
 Summon Guardian Golem    Hex/Summ       3%         N/A       43%         3
 Olgreb's Toxic Radiance  Pois           3%         N/A       83%         4
 Summon Ice Beast         Ice/Summ       3%         N/A       83%         4
 Summon Lightning Spire   Summ/Air       3%         N/A       83%         4


Dungeon Overview and Level Annotations

Branches:
Dungeon (10/15)            Temple (0/1) D:7            Lair (0/6) D:9
Ossuary (visited)
    Orc: D:9-12

Altars:
Ashenzari
Elyvilon
Fedhas
Makhleb
Nemelex Xobeh
Okawaru
Vehumet
Wu Jian
Xom
The Shining One
Jiyva

Annotations:
D:3 exclusion: oklob plant
D:4 exclusion: statue, Menkaure


Innate Abilities, Weirdness & Mutations

You are too large for most types of armour.
You have tough skin. (AC +1)


Message History

The ice beast is almost dead.
You hit the ice beast.
You kill the ice beast!
No target in view!
m - 22 poisoned darts (gained 2)
m - 23 poisoned darts (gained 1)
m - 24 poisoned darts (gained 1)
You now have 543 gold pieces (gained 10).
Something hits you!
Deactivating autopickup; reactivate with Ctrl-A.
Something hits you but does no damage.
Unknown command.
Something hits you!
Casting: Blink (safe; 1% risk of failure)
Confirm with . or Enter, or press ? or * to list all spells.
You blink.
Something hits you! Something hits you! Something hits you.
Something hits you but does no damage.
A killer bee comes into view.
As you read the scroll of teleportation, it crumbles to dust.
You feel strangely unstable.
The killer bee buzzes angrily.
Something hits you!
You miss something.
The killer bee buzzes angrily.
Something hits you!
* * * LOW HITPOINT WARNING * * *
A killer bee comes into view. x2
The killer bee buzzes angrily. x2
Something hits you!
* * * LOW HITPOINT WARNING * * *
Something hits you.
* * * LOW HITPOINT WARNING * * *
The killer bee stings you but does no damage.
Something hits you!
* * * LOW HITPOINT WARNING * * *
The killer bee stings you!
You die...
Your body glows with a rainbow of weird colours and disappears.

#############################
#............................
#...<.##...#.........###..##.
#...)................###.....
#............................
#..........y.......####......
#.......y..#@......#..'.)....
#..##......#..####.#..#..####
#.. #......#.......#.##......
#.. #......#.#######.#####...
#.. .......#.#.......# #.##
#. .........#.......# #.##
####.......# #.## #########
#... ####


You could see a killer bee.

Vanquished Creatures
  A two-headed ogre (D:9)
  Pikel (D:5)
  Maggie (D:6)
  A hornet zombie (D:9)
  An ice beast (D:10)
  4 orc warriors
  A necrophage (D:8)
  A sky beast (D:6)
  An ogre (D:10)
  5 black bears
  2 centaurs
  A phantom (D:5)
  5 bullfrogs
  A wyvern zombie (D:9)
  A wyvern skeleton (D:9)
  6 scorpions
  A water moccasin skeleton (D:8)
  A killer bee (D:9)
  3 howler monkeys
  5 wights (D:9)
  A centaur zombie (Ossuary)
  6 hounds
  5 jellies
  5 bullfrog skeletons
  A human zombie (Ossuary)
  2 orc priests
  An iguana (D:6)
  An orc wizard (D:9)
  6 worker ants
  A hound zombie (D:3)
  A hound skeleton (D:8)
  A mummy (Ossuary)
  5 gnolls
  A howler monkey skeleton (D:4)
  12 adders
  2 shadow imps
  A white imp (D:8)
  2 ufetubi
  An adder zombie (D:5)
  An adder skeleton (D:5)
  3 worms
  A dart slug (D:2)
  30 orcs
  5 ball pythons
  5 giant cockroaches
  11 goblins
  6 hobgoblins
  5 kobolds
  8 oozes
  13 quokkas
  5 bats
  4 frilled lizards
  A jackal skeleton (D:5)
  A jackal zombie (D:5)
  A quokka skeleton (D:4)
  9 rats
207 creatures vanquished.

Vanquished Creatures (others)
  15 toadstools (D:3)
15 creatures vanquished.

Grand Total: 222 creatures vanquished

Notes
Turn   | Place    | Note
-------+----------+-------------------------------------------
     0 | D:1      | tilp the Ogre Warper began the quest for the Orb.
     0 | D:1      | Reached XP level 1. HP: 22/22 MP: 3/3
    20 | D:1      | Reached skill level 2 in Maces & Flails
   309 | D:1      | Reached XP level 2. HP: 27/29 MP: 5/5
   313 | D:1      | Learned a level 2 spell: Blink
  1922 | D:2      | Reached skill level 3 in Maces & Flails
  2232 | D:2      | Found a white marble altar of Elyvilon.
  2252 | D:2      | Reached XP level 3. HP: 22/36 MP: 6/6
  2855 | D:2      | Reached XP level 4. HP: 19/44 MP: 7/7
  3523 | D:2      | Reached skill level 4 in Maces & Flails
  3970 | D:3      | Found a broken altar of Ashenzari.
  4351 | D:3      | Reached XP level 5. HP: 39/50 MP: 8/8
  4466 | D:3      | Reached skill level 5 in Maces & Flails
  4541 | D:3      | Found a sparkling altar of Nemelex Xobeh.
  4543 | D:3      | Found a glowing golden altar of the Shining One.
  4553 | D:3      | Became a worshipper of Nemelex Xobeh the Trickster
  4934 | D:3      | Found a blossoming altar of Fedhas.
  4958 | D:3      | Noticed an oklob plant
  5399 | D:4      | Reached XP level 6. HP: 49/59 MP: 9/9
  5452 | D:4      | Learned a level 1 spell: Apportation
  5456 | D:4      | Learned a level 3 spell: Teleport Other
  5637 | D:4      | Reached skill level 6 in Maces & Flails
  5837 | D:4      | Identified the amulet of the Final Chapter {Faith rPois}
  6015 | D:4      | Found a radiant altar of Vehumet.
  6182 | D:4      | Noticed Menkaure
  6781 | D:5      | Entered Level 5 of the Dungeon
  6794 | D:5      | Reached XP level 7. HP: 59/70 MP: 10/10
  6805 | D:5      | Found a sand-covered staircase.
  7084 | Ossuary  | Entered an ossuary
  7126 | Ossuary  | Reached skill level 7 in Maces & Flails
  7497 | D:5      | Reached * piety under Nemelex Xobeh
  7499 | D:5      | You fall into a shaft and drop 3 floors!
  8120 | D:5      | Received a gift from Nemelex Xobeh
  8264 | D:5      | Found an iron altar of Okawaru.
  8301 | D:5      | Reached XP level 8. HP: 69/78 MP: 11/11
  8449 | D:5      | Noticed Pikel
  8906 | D:5      | Killed Pikel
  8907 | D:5      | Reached skill level 8 in Maces & Flails
  9310 | D:6      | Reached skill level 9 in Maces & Flails
  9516 | D:6      | Found a burning altar of Makhleb.
  9800 | D:6      | Noticed Maggie
  9847 | D:6      | Killed Maggie
  9848 | D:6      | Reached XP level 9. HP: 73/84 MP: 12/12
  9934 | D:6      | Reached ** piety under Nemelex Xobeh
 10387 | D:6      | Reached skill level 10 in Maces & Flails
 11110 | D:7      | Found an ornate altar of the Wu Jian Council.
 11512 | D:7      | Found a staircase to the Ecumenical Temple.
 11644 | D:7      | Learned a level 3 spell: Lesser Beckoning
 11802 | D:8      | Received a gift from Nemelex Xobeh
 12417 | D:8      | Reached skill level 5 in Translocations
 12990 | D:8      | Reached *** piety under Nemelex Xobeh
 12999 | D:8      | Found a viscous altar of Jiyva.
 13378 | D:9      | Found a shimmering altar of Xom.
 14038 | D:9      | Reached XP level 10. HP: 83/92 MP: 14/14
 14636 | D:9      | Found a staircase to the Lair.
 14685 | D:9      | Identified the +7 spear of Ruination {drain, rF+ Str+4}
 15445 | D:9      | Reached skill level 11 in Maces & Flails
 15638 | D:9      | Noticed a two-headed ogre
 15654 | D:9      | Killed a two-headed ogre
 15852 | D:10     | Entered Level 10 of the Dungeon
 16896 | D:10     | HP: 4/92 [something (11)]
 16896 | D:10     | Mangled by a killer bee

Illustrated notes

Levels and vault maps discovered:
D:1:      saegor_arrival_miasma, layout_basic, serial_bayou_crossing
D:2:      layout_basic, elyvilon_altar_4
D:3:      layout_loops_ring, tgw_fedhas, overflow_temple_1_default,
          gammafunk_temple_overflow_pools, minmay_goblin_outpost
D:4:      layout_loops_ring, vehumet_statue, uniq_menkaure
D:5:      layout_basic, okawaru_gym_becter, nicolae_ossuary_entry_monument,
          minmay_misc_feat_cross, uniq_pikel
D:6:      layout_basic, kennysheep_little_box, uniq_maggie
D:7:      layout_loops_ring, pdpol_wu_jian_five_deadly_venoms,
          minmay_temple_entry_fiery
D:8:      layout_loops_cross, jiyva_altar_1
D:9:      layout_loops_ring, nicolae_overflow_crystal_walls
D:10:     layout_stronghold, kennysheep_orc_monster_closet_entryway,
          minmay_crystal_room

Skill      XL: |  1  2  3  4  5  6  7  8  9 10 |
---------------+-------------------------------+-----
Maces & Flails | 2 3 4 5 6 7 9 10 11 | 11.9
Fighting       | 4 |  4.0
Invocations    | 4 |  4.0
Translocations | 6 |  6.0
Spellcasting   | 3 4 |  4.0
Throwing       | |  1.0
Dodging        | |  2.1

Action                   |  1- 3 |  4- 6 |  7- 9 | 10-12 || total
-------------------------+-------+-------+-------+-------++-------
Melee: Mace              |   111 |     2 |       |       ||   113
       Whip              |       |   220 |   549 |   154 ||   923
Throw: Boomerang         |     3 |     3 |     3 |       ||     9
       Dart              |       |       |   104 |    46 ||   150
       Javelin           |       |       |       |     4 ||     4
 Cast: Blink             |     2 |       |    15 |    15 ||    32
       Teleport Other    |       |     1 |     5 |       ||     6
Invok: Draw Destruction  |       |       |     5 |     3 ||     8
Evoke: Wand              |       |       |     6 |     3 ||     9
  Use: Scroll            |       |     4 |    12 |     1 ||    17
 Stab: Sleeping          |       |     1 |     1 |       ||     2
Armor: Robe              |    35 |    48 |    88 |    14 ||   185
Dodge: Dodged            |    37 |    73 |   171 |    38 ||   319

Table legend: (Time is in decaauts)
 A = Elapsed time spent in this place.
 B = Non-inter-level travel time spent in this place.
 C = Inter-level travel time spent in this place.
 D = Time resting spent in this place.
 E = Time spent auto-exploring this place.
 F = Levels seen in this place.
 G = Mean time per level.
                   A        B        C        D        E       F      G
               +--------+--------+--------+--------+--------+-----+--------+
         Total |  16650 |  15967 |    683 |   5292 |   8229 |  11 | 1513.6 |
       Dungeon |  16594 |  15911 |    683 |   5292 |   8229 |  10 | 1659.4 |
       Ossuary |     56 |     56 |      0 |      0 |      0 |   1 |   56.0 |
               +--------+--------+--------+--------+--------+-----+--------+

Top non-repeatable levels by time:
     D:9: 2947 daAuts
     D:2: 1964 daAuts
     D:5: 1856 daAuts
     D:1: 1811 daAuts
     D:4: 1721 daAuts
     D:8: 1630 daAuts
     D:3: 1582 daAuts
     D:7: 1418 daAuts
     D:6: 1152 daAuts
    D:10: 508 daAuts
 Ossuary: 56 daAuts
